 Dungeon Crawl Stone Soup version 0.30-a0-557-ge2afbf3030 (webtiles) character file.

Game seed: 1306331708560543868

181 Dirtsage the Changer (level 5, 0/33 HPs)
             Began as an Octopode Transmuter on Dec 27, 2022.
             Slain by an orc wizard
             ... wielding a +0 dagger
              (1 damage)
             ... on level 4 of the Dungeon.
             The game lasted 00:04:53 (2688 turns).

Dirtsage the Changer (Octopode Transmuter)          Turns: 2688, Time: 00:04:54

Health: 0/33       AC:  1    Str: 10    XL:     5   Next: 61%
Magic:  7/8        EV: 13    Int: 17    God:
Gold:   199        SH:  0    Dex: 12    Spells: 1/8 levels left

rFire   . . .      SeeInvis .      - Unarmed
rCold   . . .      Faith    .    (no shield)
rNeg    . . .      Spirit   .    (helmet currently unavailable)
rPois   .          Reflect  .    (no amulet)
rElec   .          Harm     .    j - ring of willpower
rCorr   .          Rampage  .    (no ring)
Will    +....                    (no ring)
Stlth   ++                       (no ring)
HPRegen 0.25/turn                (no ring)
MPRegen 0.11/turn                (no ring)
                                 (no ring)
                                 (no ring)

@: appendages, wereblooded
A: tentacle spike 3, almost no armour, amphibious, 8 rings, camouflage 1,
gelatinous body 1, (nimble swimmer 1), tentacles
a: End Transformation


You were on level 4 of the Dungeon.
One of your tentacles had grown a beastly spike.
You visited 1 branch of the dungeon, and saw 4 of its levels.

You collected 199 gold pieces.

Inventory:

Jewellery
 j - a ring of willpower (left tentacle)
Wands
 a - a wand of charming (10)
Scrolls
 c - 3 scrolls of blinking {unknown}
 d - 2 scrolls of teleportation {unknown}
 e - a scroll of silence {unknown}
 f - 3 scrolls of enchant weapon {unknown}
 g - 2 scrolls of identify {unknown}
 h - a scroll of fog {unknown}
 m - a scroll of brand weapon {unknown}
 n - a scroll of vulnerability {unknown}
 o - a scroll of torment {unknown}
 p - a scroll of fear {unknown}
Potions
 b - 2 potions of curing {unknown}
 i - a potion of mutation {unknown}
 k - a potion of heal wounds {unknown}
 l - a potion of might {unknown}


   Skills:
 + Level 1.0 Fighting
 - Level 2.0 Dodging
 * Level 3.0 Unarmed Combat
 - Level 2.0 Spellcasting
 * Level 4.2 Transmutations
 * Level 3.4 Ice Magic


You had one spell level left.
You knew the following spells:

 Your Spells              Type           Power      Damage    Failure   Level
a - Beastly Appendage     Tmut           30%        N/A       3%          1
b - Ice Form              Ice/Tmut       14%        N/A       38%         4
c - Wereblood             Tmut           15%        N/A       5%          2

Your spell library contained the following spells:

 Spells                   Type           Power      Damage    Failure   Level
 Spider Form              Tmut/Pois      8%         N/A       24%         3


Dungeon Overview and Level Annotations

Branches:
Dungeon (4/15)
 Temple: D:4-7

Altars:
Hepliaklqana
Nemelex Xobeh
Ru

Shops:
D:1 (


Innate Abilities, Weirdness & Mutations

One of your tentacles has grown a beastly spike.
You cannot wear most types of armour.
You are amphibious.
You can wear up to eight rings at the same time.
Your skin changes colour to match your surroundings (Stealth+).
Your rubbery body absorbs attacks. (AC +1, EV +1)
((You are camouflaged when in or above water. (Stealth+)))
You have tentacles for arms and can constrict up to eight enemies at once.


Message History

You howl as the wereblood boils in your veins!
The orc completely misses you.
You tentacle-slap the orc. Your grab misses the orc.
Your tentacle spike misses the orc.
You squeeze the orc.
You feel a bit better.
You kill the orc!
You miss something.
Your tentacle spike misses something.
Your tentacle-slap misses something.
Something barely misses you.
You closely miss something.
You pierce something.
Something hits you.
You take 2 damage, and have 24/33 hp.
You miss something.
Your tentacle spike misses something.
Your squeeze misses something. Something hits you.
You take 1 damage, and have 23/33 hp.
You closely miss something. Your squeeze misses something. Something hits you.
You take 3 damage, and have 20/33 hp.
You closely miss something.
Your tentacle spike misses something.
Your squeeze misses something. Something hits you.
You take 3 damage, and have 17/33 hp.
You closely miss something.
Your tentacle spike misses something.
Your squeeze misses something. Something hits you.
You take 3 damage, and have 14/33 hp.
You tentacle-slap something.
Your tentacle spike misses something.
You howl as the wereblood boils in your veins!
Something hits you.
You take 4 damage, and have 10/33 hp.
You miss something.
Your tentacle spike misses something.
You howl as the wereblood boils in your veins!
Something hits you.
* * * LOW HITPOINT WARNING * * *
You take 3 damage, and have 7/33 hp.
You tentacle-slap something. Your squeeze misses something. Something hits you.
* * * LOW HITPOINT WARNING * * *
You take 2 damage, and have 5/33 hp.
You tentacle-slap something.
You hear some strange, mumbled words.
A magic dart appears from out of thin air!
The magic dart hits you.
* * * LOW HITPOINT WARNING * * *
You take 4 damage, and have 1/33 hp.
You completely miss something. Something hits you.
You die...

# #.#### ......# #######
..... #......
#(.########## #'####.
#...{@......# ♣♣.♣♣ #.
......########..#♣♣...♣♣#.
..##. #..#♣.....♣#. ..
#######..'.).....'. .#
........##♣..)..♣## #
######### ♣♣...♣♣ ♣♣.♣♣
#'# ### #.# #.###.#


There were no monsters in sight!

Vanquished Creatures
  A phantom (D:3)
  A hound (D:3)
  A worm (D:3)
  3 dart slugs (D:1)
  4 orcs
  4 endoplasms
  4 giant cockroaches
  6 goblins
  6 hobgoblins
  2 jackals (D:1)
  2 quokkas
  5 ball pythons
  6 bats
  A frilled lizard (D:2)
  A kobold (D:2)
  6 rats
53 creatures vanquished.

Notes
Turn   | Place    | Note
-------+----------+-------------------------------------------
     0 | D:1      | Dirtsage the Octopode Transmuter began the quest for the
                  | Orb.
     0 | D:1      | Reached XP level 1. HP: 13/13 MP: 3/3
   143 | D:1      | Reached skill level 1 in Ice Magic
   143 | D:1      | Reached XP level 2. HP: 14/18 MP: 5/5
   460 | D:1      | Reached XP level 3. HP: 10/23 MP: 6/6
   767 | D:1      | Found Ibuhi's Antique Weapon Emporium.
  1171 | D:2      | Identified the +8 short sword of Miadduj {antimagic, Contam
                  | *Rage rPois rN++}
  1184 | D:2      | Found a faded altar of an unknown god.
  1186 | D:2      | Reached skill level 3 in Transmutations
  1929 | D:3      | Found a sacrificial altar of Ru.
  2043 | D:3      | Reached XP level 4. HP: 16/28 MP: 5/7
  2119 | D:3      | Noticed a phantom
  2131 | D:3      | Killed a phantom
  2132 | D:3      | Reached skill level 4 in Transmutations
  2132 | D:3      | Reached XP level 5. HP: 33/33 MP: 8/8
  2246 | D:3      | Learned a level 4 spell: Ice Form
  2267 | D:3      | Found a hazy altar of Hepliaklqana.
  2267 | D:3      | Found a sparkling altar of Nemelex Xobeh.
  2674 | D:4      | Learned a level 2 spell: Wereblood
  2687 | D:4      | HP: 1/33 [something/magic dart (4)]
  2688 | D:4      | Slain by an orc wizard

Illustrated notes

Levels and vault maps discovered:
D:1:      roderic_chinese_lattice_arrival, layout_loops_corners, serial_shops,
          nicolae_shop_statue_plus
D:2:      layout_rooms, dreamdust_ecumenical_altar_statues
D:3:      layout_loops_ring, nicolae_overflow_crystal_walls,
          nicolae_overflow_hidden_temple
D:4:      layout_loops_ring, nicolae_tso_swordbearing_angel,
          kennysheep_small_square

Skill      XL: |  1  2  3  4 |
---------------+-------------+-----
Ice Magic      | 1 2 3 |  3.4
Transmutations | 3 4 |  4.2
Fighting       | |  1.0
Dodging        | |  2.0
Unarmed Combat | |  3.0
Spellcasting   | |  2.0

Action                   |  1- 3 |  4- 6 || total
-------------------------+-------+-------++-------
Melee: Unarmed           |    96 |    32 ||   128
       Constrict         |    29 |     3 ||    32
       Tentacles         |    19 |     3 ||    22
       Kick              |    11 |     7 ||    18
       Punch             |       |     1 ||     1
 Cast: Beastly Appendage |    14 |     6 ||    20
       Wereblood         |       |     1 ||     1
  Use: Potion            |       |     1 ||     1
 Stab: Sleeping          |    12 |     1 ||    13
Armor: Skin              |     7 |     6 ||    13
Dodge: Dodged            |    64 |    11 ||    75

Table legend: (Time is in decaauts)
 A = Elapsed time spent in this place.
 B = Non-inter-level travel time spent in this place.
 C = Inter-level travel time spent in this place.
 D = Time resting spent in this place.
 E = Time spent auto-exploring this place.
 F = Levels seen in this place.
 G = Mean time per level.
                   A        B        C        D        E       F      G
               +--------+--------+--------+--------+--------+-----+--------+
         Total |   2680 |   2553 |    127 |      0 |   2131 |   4 |  670.0 |
       Dungeon |   2680 |   2553 |    127 |      0 |   2131 |   4 |  670.0 |
               +--------+--------+--------+--------+--------+-----+--------+

Top non-repeatable levels by time:
     D:1: 1102 daAuts
     D:3: 947 daAuts
     D:2: 462 daAuts
     D:4: 166 daAuts
